 Dungeon Crawl Stone Soup version 0.29.1-12-g30fa7ad0bf (webtiles) character file.

Game seed: 1873658056190632845

10769 wormed the Basher (level 11, -13/71 HPs)
             Began as a Gargoyle Fighter on Dec 21, 2022.
             Was a Priest of the Shining One.
             Killed from afar by a fire dragon (31 damage)
             ... with a blast of flame
             ... on level 11 of the Dungeon.
             The game lasted 00:24:21 (12274 turns).

wormed the Basher (Gargoyle Fighter)               Turns: 12274, Time: 00:24:22

Health: -13/71     AC: 29    Str: 35    XL:     11   Next: 67%
Magic:  11/11      EV:  8    Int: 10    God:    the Shining One [***...]
Gold:   799        SH: 11    Dex: 10    Spells: 10/10 levels left

rFire   . . .      SeeInvis .   a - +0 flail
rCold   + . .      Faith    .   c - +0 buckler
rNeg    + + .      Spirit   .   w - +0 plate armour
rPois   ∞          Reflect  +   G - +0 helmet
rElec   +          Harm     .   x - +0 cloak
rCorr   .          Rampage  +   (no gloves)
Will    .....                   l - +3 pair of boots of Polytheism {Rampage Fly Int+3}
Stlth   ..........              f - amulet of reflection
HPRegen 0.21/turn               q - ring of protection from cold
MPRegen 0.12/turn               t - +6 ring of strength

@: flying, glowing
A: sickness immunity, AC +8, negative energy resistance 1, electricity
resistance, torment resistance 1, petrification resistance, thin skeletal
structure 1, strong 1
a: Renounce Religion, Divine Shield, Cleansing Flame


You were on level 11 of the Dungeon.
You worshipped the Shining One.
The Shining One was most pleased with you.
You visited 3 branches of the dungeon, and saw 14 of its levels.

You collected 799 gold pieces.

Inventory:

Hand Weapons
 a - a +0 flail (weapon)
 y - a +4 antimagic spear
Missiles
 F - 3 javelins (quivered)
Armour
 c - a +0 buckler (worn)
 l - the +3 pair of boots of Polytheism (worn) {Rampage Fly Int+3}
   (You found it on level 8 of the Dungeon)

   Int:       It affects your intelligence (+3).
   Fly:       It grants you flight.
   Rampage:   It bestows one free step when moving towards enemies.
 w - a +0 plate armour (worn)
 x - a +0 cloak (worn)
 G - a +0 helmet (worn)
Jewellery
 f - an amulet of reflection (around neck)
 q - a ring of protection from cold (left hand)
 t - a +6 ring of strength (right hand)
 H - an amulet of faith
Wands
 z - a wand of acid (29)
 B - a wand of flame (37)
 D - a wand of roots (8)
Scrolls
 e - 4 scrolls of summoning
 g - a scroll of vulnerability {unknown}
 i - 2 scrolls of immolation
 n - a scroll of blinking {unknown}
 o - 4 scrolls of identify
 p - 3 scrolls of amnesia
 r - a scroll of butterflies
 s - a scroll of teleportation
 u - 4 scrolls of poison
 v - a scroll of torment {unknown}
 C - 4 scrolls of noise {unknown}
 E - a scroll of silence {unknown}
 J - 3 scrolls of enchant armour {unknown}
Potions
 b - 2 potions of brilliance
 d - 2 potions of might
 h - 2 potions of attraction
 j - 2 potions of degeneration
 k - a potion of flight
 m - a potion of resistance
 A - 2 potions of curing
 I - a potion of heal wounds {unknown}
 K - 6 potions of ambrosia


   Skills:
 + Level 9.6 Fighting
 * Level 11.7 Maces & Flails
 + Level 9.5 Armour
 + Level 9.5 Shields


You had 10 spell levels left.
You didn't know any spells.
Your spell library contained the following spells:

 Spells                   Type           Power      Damage    Failure   Level
 Ensorcelled Hibernation  Hex/Ice        0%         N/A       99%         2
 Static Discharge         Conj/Air       0%         3-3/arc   99%         2
 Wereblood                Tmut           0%         N/A       99%         2
 Dazzling Flash           Conj/Hex       0%         N/A       100%        3
 Spider Form              Tmut/Pois      0%         N/A       100%        3
 Tukima's Dance           Hex            0%         N/A       100%        3
 Anguish                  Hex/Necr       0%         N/A       100%        4
 Passage of Golubria      Tloc           0%         N/A       100%        4
 Summon Lightning Spire   Summ/Air       0%         N/A       100%        4
 Yara's Violent Unravell  Hex/Tmut       0%         3d3       100%        5
 Orb of Destruction       Conj           0%         9d5       100%        7
 Summon Hydra             Summ           0%         N/A       100%        7
 Sublimation of Blood     Necr           Unusable   N/A       N/A         2

Dungeon Overview and Level Annotations

Branches:
Dungeon (12/15)            Temple (1/1) D:4            Lair (0/5) D:11
    Orc (1/2) D:10

Altars:
Ashenzari
Cheibriados
Dithmenos
Elyvilon
Fedhas
Gozag
Hepliaklqana
Kikubaaqudgha
Makhleb
Nemelex Xobeh
Okawaru
Qazlal
Ru
Sif Muna
Trog
Uskayaw
Vehumet
Wu Jian
Xom
Yredelemnul
Zin
The Shining One

Shops:
D:3 =   D:5 (


Innate Abilities, Weirdness & Mutations

You are immune to sickness and miasma.
Your stone body is resilient. (AC +8)
You are immune to poison.
You resist negative energy. (rN+)
You are resistant to electric shocks. (rElec)
You are resistant to unholy torment.
You are immune to petrification.
You have a somewhat thin skeletal structure. (Dex +2, Stealth+)
Your muscles are strong. (Str +4, Int/Dex -1)


Message History

The fire dragon is severely wounded.
You block the fire dragon's attack. The fire dragon claws you!
The fire dragon barely misses you.
You hit the fire dragon but do no damage.
The fire dragon is severely wounded.
The fire dragon breathes flames at you. The blast of flame hits you!
You thump the fire dragon!
The fire dragon is severely wounded.
The fire dragon bites you but does no damage.
The fire dragon claws you.
* * * LOW HITPOINT WARNING * * *
The fire dragon tramples you but does no damage.
You sock the fire dragon!
The fire dragon is almost dead.
You hit the fire dragon but do no damage.
The fire dragon is almost dead.
The fire dragon completely misses you.
The fire dragon claws you but does no damage.
The fire dragon tramples you.
* * * LOW HITPOINT WARNING * * *
You hold your ground!
You hit the fire dragon but do no damage.
The fire dragon is almost dead.
The fire dragon bites you!
* * * LOW HITPOINT WARNING * * *
The fire dragon claws you but does no damage.
The fire dragon tramples you but does no damage.
You feel better. The fire dragon barely misses you.
You block the fire dragon's attack. The fire dragon tramples you!
* * * LOW HITPOINT WARNING * * *
You are shoved backwards!
You completely miss the fire dragon.
The fire dragon is almost dead.
The fire dragon completely misses you. You block the fire dragon's attack.
The fire dragon tramples you but does no damage.
You feel better. The fire dragon breathes flames at you.
The blast of flame hits you!!
You die...

..............######
....................
#######.............
#..########### #..# #..# #..#
#D.###############
#############@................
..............................
......................[.######
........##############..#
........# #(^# ........# #..#
...>....# #..# ........# #..#
........##############..######


You could see a fire dragon (catching breath).

Vanquished Creatures
  Erica (D:10)
  2 two-headed ogres
  A wizard (D:11)
  Maurice (D:8)
  An unseen horror (D:11)
  A gargoyle (D:11)
  A queen bee (D:10)
  2 trolls
  A hornet (D:10)
  A wraith (D:11)
  3 yaks (D:10)
  A wyvern (D:8)
  A steam dragon (D:8)
  3 vampire mosquitoes
  An acid dragon (D:8)
  Duvessa (D:5)
  3 orc warriors (D:8)
  2 sky beasts (D:6)
  3 ice beasts (D:7)
  3 ogres
  2 phantoms
  A centaur (D:9)
  A kobold brigand (D:8)
  A necrophage (D:4)
  4 bullfrogs
  3 gnoll sergeants
  2 scorpions (D:5)
  A wight (D:10)
  Dowan (D:4)
  39 killer bees
  7 howler monkeys
  An electric eel (D:8)
  6 jellies
  9 orc priests
  2 gnoll boudas
  3 hounds
  An iguana (D:6)
  Terence (D:3)
  11 orc wizards
  22 gnolls
  6 adders
  2 white imps
  2 ufetubi (D:5)
  A worm (D:2)
  6 dart slugs
  51 orcs
  11 bats
  8 endoplasms
  6 giant cockroaches
  8 goblins
  9 hobgoblins
  A quokka (D:1)
  7 ball pythons
  3 frilled lizards
  14 kobolds
  12 rats
298 creatures vanquished.

Vanquished Creatures (others)
  4 plants (D:5)
4 creatures vanquished.

Grand Total: 302 creatures vanquished

Notes
Turn   | Place    | Note
-------+----------+-------------------------------------------
     0 | D:1      | wormed the Gargoyle Fighter began the quest for the Orb.
     0 | D:1      | Reached XP level 1. HP: 14/14 MP: 1/1
    72 | D:1      | Reached XP level 2. HP: 16/19 MP: 2/2
   545 | D:1      | Reached XP level 3. HP: 22/23 MP: 3/3
  1128 | D:2      | Identified the +5 sling "Fics" {freeze, Dex+4}
  1315 | D:2      | Reached skill level 3 in Maces & Flails
  1332 | D:2      | Found a shimmering blue altar of Sif Muna.
  1373 | D:2      | Reached XP level 4. HP: 29/29 MP: 4/4
  2095 | D:3      | Found Uhefyu Gege's Jewellery Shop.
  2103 | D:3      | Found a shimmering blue altar of Sif Muna.
  2258 | D:3      | Noticed Terence
  2277 | D:3      | Killed Terence
  2278 | D:3      | Reached XP level 5. HP: 17/33 MP: 5/5
  3192 | D:3      | Found a stormy altar of Qazlal.
  3305 | D:3      | Identified the +0 robe "Rum Caur" {Will- Dex+7}
  3656 | D:4      | Found a staircase to the Ecumenical Temple.
  3663 | D:4      | Reached skill level 4 in Maces & Flails
  3667 | D:4      | Reached XP level 6. HP: 26/39 MP: 6/6
  4224 | Temple   | Entered the Ecumenical Temple
  4350 | Temple   | Became a worshipper of the Shining One
  4455 | D:4      | Reached XP level 7. HP: 43/44 MP: 7/7
  4563 | D:4      | Reached skill level 5 in Maces & Flails
  5077 | D:5      | Entered Level 5 of the Dungeon
  5109 | D:5      | Reached skill level 5 in Fighting
  5257 | D:5      | Noticed Duvessa
  5274 | D:5      | Noticed Dowan
  5343 | D:5      | Reached skill level 5 in Armour
  5343 | D:5      | Reached skill level 5 in Shields
  5378 | D:5      | Killed Duvessa
  5384 | D:4      | Killed Dowan
  5651 | D:4      | Reached XP level 8. HP: 16/50 MP: 8/8
  5869 | D:5      | Reached skill level 6 in Maces & Flails
  5869 | D:5      | Found a shadowy altar of Dithmenos.
  6151 | D:5      | Reached * piety under the Shining One
  6162 | D:5      | Got Esypteli's Precepts of the Energetic Comitatus
  6179 | D:5      | Found Neici's Weapon Emporium.
  6657 | D:6      | Reached skill level 7 in Maces & Flails
  6770 | D:6      | Found an iron altar of Okawaru.
  6807 | D:6      | Reached XP level 9. HP: 56/56 MP: 9/9
  7014 | D:6      | Found a white marble altar of Elyvilon.
  7245 | D:6      | Found a glowing silver altar of Zin.
  7661 | D:7      | Reached skill level 8 in Maces & Flails
  8381 | D:8      | Identified the +3 pair of boots of Polytheism {Rampage Fly
                  | Int+3}
  8431 | D:8      | Noticed a two-headed ogre
  8645 | D:8      | Reached skill level 9 in Maces & Flails
  8645 | D:8      | Reached XP level 10. HP: 63/63 MP: 10/10
  8886 | D:8      | Found a hide-covered altar of Uskayaw.
  8921 | D:8      | Reached ** piety under the Shining One
  8982 | D:8      | Found a broken altar of Ashenzari.
  9132 | D:8      | Noticed Maurice
  9151 | D:8      | Killed Maurice
  9317 | D:8      | Found a sacrificial altar of Ru.
  9520 | D:8      | Killed a two-headed ogre
  9842 | D:8      | Gained mutation: You have a somewhat thin skeletal
                  | structure. (Dex +2, Stealth+) [potion of mutation]
  9842 | D:8      | Gained mutation: Your muscles are strong. (Str +4, Int/Dex
                  | -1) [potion of mutation]
  9910 | D:9      | Found an ornate altar of the Wu Jian Council.
  9932 | D:9      | Noticed a two-headed ogre
  9938 | D:9      | Killed a two-headed ogre
  9939 | D:9      | Reached skill level 10 in Maces & Flails
 10614 | D:10     | Entered Level 10 of the Dungeon
 10634 | D:10     | You are sucked into a shaft and drop 2 floors!
 10693 | D:11     | Noticed a gargoyle
 10737 | D:11     | Reached XP level 11. HP: 52/69 MP: 11/11
 10860 | D:11     | Noticed a wizard
 10889 | D:11     | Killed a wizard
 10987 | D:10     | Noticed Erica
 10991 | D:10     | Reached skill level 11 in Maces & Flails
 11007 | D:10     | Killed Erica
 11142 | D:10     | Found a blossoming altar of Fedhas.
 11209 | D:10     | Found a basalt altar of Yredelemnul.
 11214 | D:10     | Found a staircase to the Orcish Mines.
 11377 | D:10     | Reached *** piety under the Shining One
 12037 | Orc:1    | Entered Level 1 of the Orcish Mines
 12176 | D:11     | Identified the +5 ring mail of Hangman {rPois}
 12236 | D:11     | Found a staircase to the Lair.
 12245 | D:11     | Noticed a fire dragon
 12274 | D:11     | Killed from afar by a fire dragon

Illustrated notes

Levels and vault maps discovered:
D:1:      nicolae_arrival_washed_ashore, layout_loops_ring,
          minmay_misc_feat_rugged, reono_crystal_passage
D:2:      layout_loops_ring, basic_altar, grunt_ministairs_9
D:3:      layout_basic, mainiacjoe_overflow_alcove_2, amcnicky_altar_gilded,
          serial_shops, shop, minivault_5, minivault_26, uniq_terence
D:4:      layout_loops_ring, minmay_temple_entry_large_hall
D:5:      layout_rooms, mainiacjoe_overflow_alcove_1, serial_shops, shop_statue,
          hangedman_decor_diamond_cutter, nicolae_grassy_gnolls, uniq_duvessa
D:6:      layout_loops_ring, nicolae_elyvilon_peaceful_grove, zin_treasury,
          kennysheep_okawaru_gauntlet
D:7:      layout_loops_corners
D:8:      layout_loops_ring, mainiacjoe_overflow_alcove_4,
          kennysheep_little_box, mainiacjoe_overflow_paths,
          kennysheep_opposing_triangles, uniq_maurice
D:9:      layout_roguey, kennysheep_mini
D:10:     layout_roguey [special_room_bee], fedhas_ov_isle_minmay,
          lemuel_round_altar, orc_0_dummy, st_stairs_7, uniq_erica
D:11:     layout_long_grid, minmay_lair_entry_lava, gammafunk_ghost_smash,
          hangedman_decor_riveting, columned_hall_lemuel,
          kennysheep_small_square
D:12:     layout_stronghold, serial_shops,
          nicolae_shop_competitors_out_of_business, uniq_psyche, uniq_rupert,
          uniq_azrael
Temple:   nicolae_temple_two_arcs
Orc:1:    layout_caves, basic_altar, minmay_orc_temple_b

Skill      XL: |  1  2  3  4  5  6  7  8  9 10 11 |
---------------+----------------------------------+-----
Maces & Flails | 3 4 5 7 9 10 11 | 11.7
Fighting       | 4 5 6 7 8 9 |  9.6
Armour         | 4 5 6 7 8 9 |  9.5
Shields        | 4 5 6 7 8 9 |  9.5

Action                   |  1- 3 |  4- 6 |  7- 9 | 10-12 || total
-------------------------+-------+-------+-------+-------++-------
Melee: Flail             |   139 |   205 |   339 |   445 ||  1128
  Use: Scroll            |       |     5 |     7 |     1 ||    13
       Potion            |       |       |       |     3 ||     3
Armor: Scale mail        |    84 |    51 |       |       ||   135
       Plate armour      |       |    66 |   214 |   230 ||   510
Dodge: Dodged            |    57 |    71 |   102 |   153 ||   383
Block: Buckler           |    45 |   112 |   186 |   257 ||   600
       Reflection        |     3 |     1 |     8 |     6 ||    18
